 Dungeon Crawl Stone Soup version 0.24-a0-443-g80245de385 (console) character file.

Game seed: 8284594088831886332

75 Lexodia the Insei (level 4, -4/34 HPs)
             Began as a Gnoll Transmuter on June 21, 2019.
             Slain by Sigmund
             ... wielding a +2 scythe of protection
              (13 damage)
             ... on level 2 of the Dungeon.
             The game lasted 00:02:03 (710 turns).

Lexodia the Insei (Gnoll Transmuter)                 Turns: 710, Time: 00:02:04

Health: -4/34      AC:  2    Str: 12    XL:     4   Next: 31%
Magic:  11/11      EV: 15    Int: 16    God:
Gold:   92         SH:  0    Dex: 16    Spells: 12/13 levels left

rFire    . . .     SeeInvis .     - Unarmed
rCold    . . .     Gourm    .   (no shield)
rNeg     . . .     Faith    .   b - +0 robe
rPois    .         Spirit   .   (no helmet)
rElec    .         Reflect  .   (no cloak)
rCorr    .         Harm     .   (no gloves)
MR       .....                  (no boots)
Stlth    ++........             (no amulet)
HPRegen  0.11/turn              (no ring)
MPRegen  0.12/turn              (no ring)

@: appendage (expiring), very slightly contaminated, invisible
A: distributed training, fangs 1, horns 2, strong nose
a: End Transformation


You were on level 2 of the Dungeon.
You were not hungry.
You had grown temporary horns.
You visited 1 branch of the dungeon, and saw 2 of its levels.

You collected 92 gold pieces.

Inventory:

Missiles
 a - 55 arrows
Armour
 b - a +0 robe (worn)
Scrolls
 c - a scroll of enchant weapon {unknown}
 e - 3 scrolls of teleportation {unknown}
Comestibles
 d - 4 rations


   Skills:
 + Level 2.7 Fighting
 + Level 1.1 Short Blades
 + Level 1.1 Long Blades
 + Level 1.1 Axes
 + Level 1.1 Maces & Flails
 + Level 1.1 Polearms
 + Level 1.1 Staves
 + Level 1.1 Slings
 + Level 1.1 Bows
 + Level 1.1 Crossbows
 + Level 1.1 Throwing
 + Level 1.1 Armour
 + Level 4.6 Dodging
 + Level 1.1 Stealth
 + Level 1.1 Shields
 + Level 6.6 Unarmed Combat
 + Level 5.0 Spellcasting
 + Level 0.8 Conjurations
 + Level 0.8 Hexes
 + Level 0.8 Charms
 + Level 0.8 Summonings
 + Level 0.8 Necromancy
 + Level 0.8 Translocations
 + Level 3.8 Transmutations
 + Level 0.8 Fire Magic
 + Level 0.8 Ice Magic
 + Level 0.8 Air Magic
 + Level 0.8 Earth Magic
 + Level 0.8 Poison Magic
 + Level 1.2 Invocations
 + Level 1.1 Evocations


You had 12 spell levels left.
You knew the following spells:

 Your Spells              Type           Power        Failure   Level  Hunger
a - Beastly Appendage     Tmut           ###...       3%          1    None

Your spell library contained the following spells:

 Spells                   Type           Power        Failure   Level  Hunger
 Sticks to Snakes         Tmut           ###.....     4%          2    #......
 Animate Skeleton         Necr           N/A          11%         1    None
 Apportation              Tloc           #.....       11%         1    None
 Confusing Touch          Hex            #.....       11%         1    None
 Summon Small Mammal      Summ           #...         11%         1    None
 Spider Form              Tmut/Pois      ##........   17%         3    ###....
 Ice Form                 Ice/Tmut       ##......     50%         4    ####...
 Blade Hands              Tmut           ###.......   65%         5    ######.


Dungeon Overview and Level Annotations

Branches:
Dungeon (2/15)

Altars:

Annotations:
D:2 Natasha, Sigmund


Innate Abilities, Weirdness & Mutations

Your experience applies equally to all skills.
You have very sharp teeth.
Your uncanny sense of smell can sniff out nearby items.
You have a pair of horns on your head.


Message History

Your transformation is almost over.
Something hits you!
* * * LOW HITPOINT WARNING * * *
Huge Dmg: -44%(-15hp) hp: 21%(7hp) It was a potion of curing.
You feel better.
The crimson imp blinks!
It was a potion of invisibility.
You fade into invisibility!
The white imp disappears in a puff of smoke!
Something barely misses you.
The white imp grins evilly.
You are very lightly contaminated with residual magic.
You miss something.
You hear some strange, mumbled words.
A magic dart appears from out of thin air!
The magic dart hits you!
* * * LOW HITPOINT WARNING * * *
Natasha mumbles some strange words.
Huge Dmg: -26%(-9hp) hp: 27%(9hp)
You barely miss something. You headbutt something! Something hits you!
You die...

#.......# ##..... #.......#
......# #.......# .......#
#...(...# ##. #....#####
####.##)###... #.........
#....##..##.# #.........
#.######..>.# #.§§......
..# ###..## ####s5§......
.## #..÷.# #.@)J.5...... .#
###(##.# ##.##h5.......
#####...##.###..####.......
#.....####.....## #......
#.##### ##....## .!....
..#######....## ......
.......#.....# ..^...
######......## ...
######..##...#


You could see Natasha, 2 crimson imps, an ooze, a white imp and a giant
cockroach.

Vanquished Creatures
  A gnoll (D:1)
  3 adders (D:2)
  3 worms (D:2)
  A dart slug (D:2)
  5 bats
  2 hobgoblins
  A quokka (D:2)
  3 frilled lizards (D:2)
  4 goblins (D:2)
  5 kobolds
  4 rats
32 creatures vanquished.

Notes
Turn   | Place    | Note
-------+----------+-------------------------------------------
     0 | D:1      | Lexodia the Gnoll Transmuter began the quest for the Orb.
     0 | D:1      | Reached XP level 1. HP: 17/17 MP: 6/6
   181 | D:1      | Huge Dmg: 5 dmg
   183 | D:1      | Huge Dmg: 6 dmg
   183 | D:1      | Reached XP level 2. HP: 2/23 MP: 5/7
   407 | D:2      | Reached XP level 3. HP: 17/28 MP: 9/9
   455 | D:2      | Reached skill level 5 in Spellcasting
   469 | D:2      | Reached skill level 1 in Invocations
   602 | D:2      | Reached skill level 1 in Short Blades
   602 | D:2      | Reached skill level 1 in Long Blades
   602 | D:2      | Reached skill level 1 in Axes
   602 | D:2      | Reached skill level 1 in Maces & Flails
   602 | D:2      | Reached skill level 1 in Polearms
   602 | D:2      | Reached skill level 1 in Staves
   602 | D:2      | Reached skill level 1 in Slings
   602 | D:2      | Reached skill level 1 in Bows
   602 | D:2      | Reached skill level 1 in Crossbows
   602 | D:2      | Reached skill level 1 in Throwing
   602 | D:2      | Reached skill level 1 in Armour
   602 | D:2      | Reached skill level 1 in Stealth
   602 | D:2      | Reached skill level 1 in Shields
   602 | D:2      | Reached skill level 1 in Evocations
   602 | D:2      | Reached XP level 4. HP: 25/34 MP: 11/11
   686 | D:2      | Noticed Natasha
   689 | D:2      | Noticed Sigmund
   707 | D:2      | Huge Dmg: 15 dmg
   710 | D:2      | Huge Dmg: 9 dmg
   710 | D:2      | Slain by Sigmund

Levels and vault maps discovered:
D:1:      minmay_arrival_four_houses, layout_rooms
D:2:      layout_rooms, minmay_tiny_reverse_x, uniq_sigmund, uniq_natasha

Skill      XL: |  1  2  3 |
---------------+----------+-----
Spellcasting   | 5 |  5.0
Invocations    | 1 |  1.2
Short Blades   | 1 |  1.1
Long Blades    | 1 |  1.1
Axes           | 1 |  1.1
Maces & Flails | 1 |  1.1
Polearms       | 1 |  1.1
Staves         | 1 |  1.1
Slings         | 1 |  1.1
Bows           | 1 |  1.1
Crossbows      | 1 |  1.1
Throwing       | 1 |  1.1
Armour         | 1 |  1.1
Stealth        | 1 |  1.1
Shields        | 1 |  1.1
Evocations     | 1 |  1.1
Fighting       | |  2.7
Dodging        | |  4.6
Unarmed Combat | |  6.6
Conjurations   | |  0.8
Hexes          | |  0.8
Charms         | |  0.8
Summonings     | |  0.8
Necromancy     | |  0.8
Translocations | |  0.8
Transmutations | |  3.8
Fire Magic     | |  0.8
Ice Magic      | |  0.8
Air Magic      | |  0.8
Earth Magic    | |  0.8
Poison Magic   | |  0.8

Action                   |  1- 3 |  4- 6 || total
-------------------------+-------+-------++-------
Melee: Unarmed           |    67 |    21 ||    88
       Bite              |     7 |       ||     7
       Punch             |     5 |     1 ||     6
       Headbutt          |     4 |     4 ||     8
       Kick              |     2 |       ||     2
 Cast: Beastly Appendage |     5 |     1 ||     6
  Use: Potion            |       |     2 ||     2
 Stab: Sleeping          |     2 |       ||     2
Armor: Robe              |     8 |     5 ||    13
Dodge: Dodged            |    50 |    17 ||    67

Table legend:
 A = Non-vault XP
 B = Vault XP
 C = Vault XP percentage of total XP
 D = Non-vault monster count
 E = Vault monster count
 F = Vault count percentage of total count
                 A         B        C        D         E       F
            +---------+---------+-------+---------+---------+-------
      Total |     101 |       7 |   6.5 |      30 |       2 |   6.2
            +---------+---------+-------+---------+---------+-------
        D:1 |      21 |       0 |   0.0 |       5 |       0 |   0.0
        D:2 |      80 |       7 |   8.0 |      25 |       2 |   7.4
            +---------+---------+-------+---------+---------+-------
